 Dungeon Crawl Stone Soup version 0.31-a0-1589-g8f5e8aebd6 (webtiles) character file.

Game seed: 9992620105716669256

485 MisterAzrael the Conjurer (level 6, -1/32 HPs)
             Began as a Deep Elf Conjurer on Jan 6, 2024.
             Was an Initiate of Vehumet.
             Slain by an ogre
             ... wielding a +0 giant spiked club
              (27 damage)
             ... on level 5 of the Dungeon.
             The game lasted 00:07:10 (3798 turns).

MisterAzrael the Conjurer (Deep Elf Conjurer)       Turns: 3798, Time: 00:07:10

Health: -1/32      AC:  2    Str:  4    XL:     6   Next: 88%
Magic:  13/16      EV: 12    Int: 25    God:    Vehumet [......]
Gold:   198        SH:  0    Dex: 13    Spells: 13/16 levels left

rFire   . . .        j - +0 demon whip
rCold   . . .        (no shield)
rNeg    . . .        a - +0 robe
rPois   .            (no helmet)
rElec   .            (no cloak)
rCorr   .            (no gloves)
SInv    .            (no boots)
Will    .....        i - amulet of faith
Stlth   ++           (no ring)
HPRegen 0.25/turn    (no ring)
MPRegen 0.15/turn

%: faith
@: no status effects
A: no striking features
a: Renounce Religion


You were on level 5 of the Dungeon.
You worshipped Vehumet.
Vehumet was noncommittal.
You visited 2 branches of the dungeon, and saw 6 of its levels.

You collected 198 gold pieces.

Inventory:

Hand Weapons
 j - a +0 demon whip (weapon)
Armour
 a - a +0 robe (worn)
Jewellery
 e - a ring of willpower
 h - a ring of fire
 i - an amulet of faith (around neck)
Wands
 o - a wand of flame (8)
Scrolls
 f - 4 scrolls of identify {unknown}
 l - a scroll of fear {unknown}
 m - a scroll of poison {unknown}
 n - a scroll of noise {unknown}
Potions
 b - 2 potions of magic
 c - 2 potions of heal wounds {unknown}
 d - a potion of might {unknown}
 g - a potion of ambrosia {unknown}
 k - 2 potions of invisibility {unknown}
 p - a potion of haste {unknown}


   Skills:
 + Level 1.8 Maces & Flails
 - Level 2.7 Dodging
 - Level 2.5 Stealth
 + Level 5.8 Spellcasting
 * Level 7.3 Conjurations


You had 13 spell levels left.
You knew the following spells:

 Your Spells              Type           Power      Damage    Failure   Level
a - Magic Dart            Conj           100%       1d8       1%          1
b - Searing Ray           Conj           86%        2d7       1%          2

Your spell library contained the following spells:

 Spells                   Type           Power      Damage    Failure   Level
 Apportation              Tloc           14%        N/A       8%          1
 Jinxbite                 Hex            14%        N/A       12%         2
 Sublimation of Blood     Necr           7%         N/A       12%         2
 Fulminant Prism          Conj/Alch      12%        3d8       17%         4
 Iskenderun's Mystic Bla  Conj/Tloc      25%        2d7       17%         4
 Irradiate                Conj/Alch      12%        3d15      43%         5
 Petrify                  Alch/Erth      7%         N/A       58%         4
 Alistair's Intoxication  Alch           4%         N/A       91%         5


Dungeon Overview and Level Annotations

Branches:
Dungeon (5/15)             Temple (1/1) D:4

Altars:
Elyvilon
Fedhas
Gozag
Hepliaklqana
Kikubaaqudgha
Nemelex Xobeh
Okawaru
Qazlal
Ru
Trog
Uskayaw
Vehumet
Yredelemnul
The Shining One


Message History

What level of the Dungeon? (default 4, ? - help)
There is a stone staircase leading down here.
You climb downwards.
There is a stone staircase leading up here.
There are monsters nearby!
There are monsters nearby!
What are your orders? t - Shout!
Orders for allies: a - Attack new target. r - Retreat! s - Stop attacking. g - Guard the area. f - Follow me.
Anything else - Cancel.
You shout for attention!
The orc shouts! x3; You hear a shout!
The orc shouts! x2
You hear a shout!
Casting: Searing Ray (safe; 1% risk of failure)
Confirm with . or Enter, or press ? or * to list all spells.
Aiming: Searing Ray (safe; 1% risk of failure)
Press: ? - help, Shift-Dir - straight line The searing ray hits the orc.
The orc is severely wounded.
The searing ray hits the orc!
You kill the orc!
Vehumet accepts your kill.
The searing ray hits the orc!
You kill the orc!
Vehumet accepts your kill. (Press . to maintain the ray.)
The searing ray hits the orc!
You kill the orc!
Vehumet accepts your kill. The orc hits you but does no damage.
An ogre comes into view. It is wielding a +0 giant spiked club.
The orc barely misses you.
An orc comes into view. It is wielding a +0 hand axe.
The orc hits you with a +0 hand axe.
There is a stone staircase leading up here.
The orc hits you with a +0 hand axe.
The ogre hits you with a +0 giant spiked club!!
Ouch! That really hurt!
You die...

## ... #..
#.# ...
.#.##.#
......O###
.......@.#
.......)o.#
..##..o..##
##..)..
#..).##
o...##
....##
....#


You could see an ogre and 3 orcs.

Vanquished Creatures
  2 bombardier beetles
  2 hounds (D:4)
  2 jellies (D:4)
  3 iguanas (D:4)
  Natasha (twice) (D:3)
  An orc wizard (D:4)
  5 adders
  3 ribbon worms
  A dart slug (D:3)
  7 orcs
  6 ball pythons
  4 endoplasms
  4 giant cockroaches
  7 hobgoblins
  8 jackals
  6 kobolds
  3 quokkas
  5 bats
  4 frilled lizards
  6 goblins
  11 rats
92 creatures vanquished.

Notes
Turn   | Place    | Note
-------+----------+-------------------------------------------
     0 | D:1      | MisterAzrael the Deep Elf Conjurer began the quest for the
                  | Orb.
     0 | D:1      | Reached XP level 1. HP: 10/10 MP: 6/6
   256 | D:1      | Reached XP level 2. HP: 15/15 MP: 6/8
   886 | D:2      | Reached skill level 5 in Conjurations
   911 | D:2      | Identified the +2 whip of Ovuyrisa {drain, Str+4}
   925 | D:2      | Reached XP level 3. HP: 19/19 MP: 6/10
  1499 | D:2      | Identified the +0 leather armour of Qazlal's Generosity
                  | {rN+}
  1642 | D:2      | Reached XP level 4. HP: 24/24 MP: 9/12
  1702 | D:2      | Learned a level 2 spell: Searing Ray
  1972 | D:3      | Noticed Natasha
  1976 | D:3      | Killed Natasha
  1995 | D:3      | Found a faded altar of an unknown god.
  2169 | D:3      | Reached skill level 6 in Conjurations
  2199 | D:3      | Found a bloodstained altar of Trog.
  2247 | D:3      | Reached XP level 5. HP: 28/28 MP: 9/13
  2282 | D:3      | Noticed Natasha
  2307 | D:3      | Killed Natasha
  2727 | D:4      | Reached skill level 1 in Maces & Flails
  2727 | D:4      | Reached skill level 5 in Spellcasting
  2847 | D:4      | Found an ancient bone altar of Kikubaaqudgha.
  2986 | D:4      | Reached XP level 6. HP: 32/32 MP: 9/15
  3030 | D:4      | Found a staircase to the Ecumenical Temple.
  3074 | Temple   | Entered the Ecumenical Temple
  3094 | Temple   | Became a worshipper of Vehumet
  3488 | D:4      | Reached skill level 7 in Conjurations
  3528 | D:4      | Found a white marble altar of Elyvilon.
  3792 | D:5      | Entered Level 5 of the Dungeon
  3798 | D:5      | Slain by an ogre

Illustrated notes

Levels and vault maps discovered:
D:1:      giann_wishing_wells, layout_basic
D:2:      layout_basic, amcnicky_mini_rare_corridor_liquid, grunt_ministairs_15
D:3:      layout_basic, mainiacjoe_overflow_six_doors_small,
          dreamdust_ecumenical_altar_grove, uniq_natasha
D:4:      layout_loops_ring, lemuel_crystal_altar,
          mainiacjoe_overflow_small_starburst, minmay_temple_entry_grid,
          minmay_misc_feat_columns
D:5:      layout_cave_pools, mainiacjoe_overflow_big_doors
Temple:   hellmonk_temple_of_storms

Skill      XL: |  1  2  3  4  5  6 |
---------------+-------------------+-----
Conjurations   | 5 6 7 |  7.3
Spellcasting   | 4 5 |  5.8
Maces & Flails | 1 |  1.8
Dodging        | |  2.7
Stealth        | |  2.5

Action                     |  1- 3 |  4- 6 || total
---------------------------+-------+-------++-------
  Melee: Demon whip        |       |     1 ||     1
   Cast: Magic Dart        |    82 |    83 ||   165
         Searing Ray       |       |    11 ||    11
    Use: Scroll            |       |     1 ||     1
 Armour: Robe              |     3 |    14 ||    17
  Dodge: Dodged            |     3 |    16 ||    19

Table legend: (Time is in decaauts)
 A = Elapsed time spent in this place.
 B = Non-inter-level travel time spent in this place.
 C = Inter-level travel time spent in this place.
 D = Time resting spent in this place.
 E = Time spent auto-exploring this place.
 F = Levels seen in this place.
 G = Mean time per level.
                   A        B        C        D        E       F      G
               +--------+--------+--------+--------+--------+-----+--------+
         Total |   3816 |   3706 |    110 |     69 |   3140 |   6 |  636.0 |
       Dungeon |   3780 |   3670 |    110 |     69 |   3140 |   5 |  756.0 |
        Temple |     35 |     35 |      0 |      0 |      0 |   1 |   35.0 |
               +--------+--------+--------+--------+--------+-----+--------+

Top non-repeatable levels by time:
     D:4: 1034 daAuts
     D:2: 1029 daAuts
     D:3: 948 daAuts
     D:1: 762 daAuts
  Temple: 35 daAuts
     D:5: 5 daAuts
